 Dungeon Crawl Stone Soup version 0.26-a0-708-g17f3b190f9 (webtiles) character file.

Game seed: 13924835222906237899

5 vt the Sneak (level 1, 0/18 HPs)
             Began as a Human Delver on Oct 27, 2020.
             Slain by a gnoll
             ... wielding a +4 flail of protection
              (12 damage)
             ... on level 5 of the Dungeon.
             The game lasted 00:00:41 (43 turns).

vt the Sneak (Human Delver)                           Turns: 43, Time: 00:00:41

Health: 0/18       AC:  3    Str: 12    XL:     1   Next: 88%
Magic:  1/1        EV: 12    Int: 10    God:
Gold:   3          SH:  0    Dex: 14    Spells: 0/0 levels left

rFire    . . .     SeeInvis .   a - +0 hand axe
rCold    . . .     Faith    .   (no shield)
rNeg     . . .     Spirit   .   b - +0 leather armour
rPois    .         Reflect  .   (no helmet)
rElec    .         Harm     .   (no cloak)
rCorr    .         Rampage  .   (no gloves)
MR       .....                  (no boots)
Stlth    +++.......             (no amulet)
HPRegen  0.06/turn              (no ring)
MPRegen  0.07/turn              (no ring)

@: hasted, very quick
A: no striking features
a: no special abilities


You were on level 5 of the Dungeon.
You visited 1 branch of the dungeon, and saw 1 of its levels.

You collected 3 gold pieces.

Inventory:

Hand Weapons
 a - a +0 hand axe (weapon)
Armour
 b - a +0 leather armour (worn)
Wands
 g - a wand of digging (3)
Scrolls
 c - a scroll of fog
 e - a scroll of fear


   Skills:
 + Level 3.1 Fighting
 - Level 2.2 Axes
 - Level 2.0 Dodging
 - Level 5.0 Stealth


You couldn't memorise any spells.
You didn't know any spells.
Your spell library was empty.

Dungeon Overview and Level Annotations

Branches:
Dungeon (5/15)
 Temple: D:4-7

Altars:

Shops:
D:5 [

Annotations:
D:5 Blork the orc


Message History

Welcome, vt the Human Delver.
Will you prevail where others failed? Will you find the Orb of Zot?
Press ? for a list of commands and other information.
Found a stone staircase leading down.
Okay, then.
As you read the scroll of magic mapping, it crumbles to dust.
You feel aware of your surroundings.
You sensed 3 shops/portals.
Blork the orc comes into view.
He is wielding a +2 trident of protection.
Marking area around Blork the orc as unsafe for travelling.
You see here 3 gold pieces.
You now have 3 gold pieces.
A phantom comes into view.
Found Xurupuff's Antique Armour Boutique.
The phantom blinks!
A jackal comes into view.
The phantom blinks!
You feel yourself speed up.
Found a stone staircase leading up. 2 jackals come into view.
The phantom blinks!
The phantom misses you.
You hit the phantom.
The phantom is lightly damaged.
The jackal barks! x2; You hear a shout!
The phantom blinks!
The jackal closely misses you.
The jackal barks!
You hear a bark!
You hit the phantom.
The phantom is lightly damaged.
You barely miss the jackal.
You hear a shout!
The jackal misses you.
You closely miss the phantom.
The phantom is lightly damaged.
You hit the jackal. The phantom closely misses you.
A jackal comes into view.
The jackal bites you but does no damage.
You closely miss the jackal.
The jackal is severely wounded.
You hit the jackal. You hit the phantom but do no damage.
The phantom barely misses you.
The jackal bites you but does no damage.
You barely miss the jackal.
The jackal is moderately wounded.
You hit the phantom but do no damage. You hit the jackal.
The jackal barely misses you.
The phantom blinks!
A gnoll comes into view. It is wielding a +0 club.
You hit the jackal.
You kill the jackal!
You closely miss the jackal. The jackal barely misses you.
A gnoll comes into view.
It is wielding a +4 flail of protection.
You hit the jackal.
The jackal is almost dead.
You hit the jackal but do no damage. The jackal bites you.
You hit the jackal.
You kill the jackal!
You closely miss the jackal. The jackal closely misses you.
The phantom blinks!
You hit the jackal.
The jackal is heavily wounded.
You hit the jackal but do no damage. You hit the phantom but do no damage.
The jackal barely misses you. x2; The phantom hits you.
The phantom blinks!
The jackal bites you but does no damage.
You hit the jackal.
The jackal is almost dead.
You hit the jackal.
The jackal stops to sniff the ground.
The jackal closely misses you.
The jackal bites you but does no damage.
The jackal bites you.
You are too injured to fight recklessly!
You hit the jackal.
You kill the jackal!
You closely miss the jackal. The jackal barely misses you.
You closely miss the jackal.
The jackal is moderately wounded.
The jackal bites you.
You hit the jackal.
You kill the jackal!
A gnoll comes into view.
The phantom blinks!
You see here a jackal corpse.
The gnoll shouts!
You hit the gnoll but do no damage.
The gnoll hits you with a +4 flail of protection!
Ouch! That really hurt!
You die...

,,,,,,,,,*****,*
*,,,,,,,,,*,,* ,,,,,,,,,*
░.* *,*******,*,,*
,,,*****,* ░.░****,*
*,*,,~ .░**
*,***░░.<,,,,,* *,*,,~ .░
*,,,,,..░****,* *****,*,,,
.░ ******░.░ *,░
*,,,,,,,,~ .░
░░░░░░.░░░░░.░░░,***,,,*~
.░
░W..░░.....g.g..,,**,,,**
.░
░░░.....∩.@g.░*****,**,>,*
.░░░░░░......§.░░░.░
*,**,,** ..............░░
*,░ *,**,,*
░░░░░░░.......░ *,*
*,**,,* ░ ░░░....░░ *,*
*,**,,* ░
░....░****,******,**,,* ░
░░.░.░,,,≥,,,,,,,,*,,,***
░ ░.░.░,***,********,*,*,,
░ ░.░.░,* *,* *,,,,*,,,,


You could see a phantom and 3 gnolls.

Vanquished Creatures
  4 jackals (D:5)
4 creatures vanquished.

Notes
Turn   | Place    | Note
-------+----------+-------------------------------------------
     0 | D:5      | vt the Human Delver began the quest for the Orb.
     0 | D:5      | Reached XP level 1. HP: 18/18 MP: 1/1
     9 | D:5      | Noticed Blork the orc
    19 | D:5      | Found Xurupuff's Antique Armour Boutique.
    19 | D:5      | Noticed a phantom
    43 | D:5      | Slain by a gnoll

Illustrated notes

Levels and vault maps discovered:
D:5:      layout_loops_ring, serial_shops, shop_statue, shop,
          kennysheep_mini_moat, uniq_blork_the_orc, uniq_grinder, uniq_duvessa

Action                   || total
-------------------------++-------
Melee: Hand axe          ||    14
  Use: Scroll            ||     1
       Potion            ||     1
Armor: Leather armour    ||     4
Dodge: Dodged            ||    12

Table legend: (Time is in decaauts)
 A = Elapsed time spent in this place.
 B = Non-inter-level travel time spent in this place.
 C = Inter-level travel time spent in this place.
 D = Time resting spent in this place.
 E = Time spent auto-exploring this place.
 F = Levels seen in this place.
 G = Mean time per level.
                   A        B        C        D        E       F      G
               +--------+--------+--------+--------+--------+-----+--------+
         Total |     39 |     39 |      0 |      0 |      0 |   1 |   39.0 |
       Dungeon |     39 |     39 |      0 |      0 |      0 |   1 |   39.0 |
               +--------+--------+--------+--------+--------+-----+--------+

Top non-repeatable levels by time:
     D:5: 39 daAuts

Table legend:
 A = Kills in this place as a percentage of kills in entire the game.
 B = Kills by you in this place as a percentage of kills by you in the entire game.
 C = Kills by friends in this place as a percentage of kills by friends in the entire game.
 D = Other kills in this place as a percentage of other kills in the entire game.
 E = Experience gained in this place as a percentage of experience gained in the entire game.
 F = Experience gained in this place divided by the number of levels of this place that you have seen.
                   A       B       C       D       E      F
               +-------+-------+-------+-------+-------+----------------------
         Total | 100.0 | 100.0 |   N/A |   N/A | 100.0 |   8.0
       Dungeon | 100.0 | 100.0 |   N/A |   N/A | 100.0 |   8.0
               +-------+-------+-------+-------+-------+----------------------
